 Dungeon Crawl Stone Soup version 0.19.4-8-ga85b6b9 (webtiles) character file.

15080 JNO the Cleaver (level 12, -13/110 HPs)
             Began as a Hill Orc Fighter on Feb 8, 2017.
             Was a High Priest of Okawaru.
             Killed from afar by a thorn hunter (37 damage)
             ... with a volley of thorns
             ... on level 1 of the Swamp.
             The game lasted 01:46:35 (13792 turns).

JNO the Cleaver (Hill Orc Fighter)                 Turns: 13792, Time: 01:46:36

Health: -13/110    AC: 21    Str: 24    XL:     12   Next: 23%
Magic:  19/19      EV:  8    Int:  8    God:    Okawaru [*****.]
Gold:   535        SH:  8    Dex: 17    Spells: 0 memorised, 11 levels left

rFire  + . .     SeeInvis .     c - +5 war axe "Venk" {chaos, +Rage Dex+4}
rCold  + + .     Gourm    .     R - +4 chain mail {rPois}
rNeg   + . .     Faith    .     n - +1 buckler {rF+}
rPois  +         Spirit   .     (no helmet)
rElec  .         Reflect  .     Q - +0 cloak
rCorr  .         Harm     .     C - +0 pair of gloves
MR     .....                    s - +1 pair of boots
Stlth  ..........               (no amulet)
                                F - ring of protection from cold
                                M - ring "Ziymom" {rC+ rN+ Dex+3}

@: no status effects
A: no striking features
a: Heroism, Finesse, Renounce Religion, Evoke Berserk Rage


You were on level 1 of the Swamp.
You worshipped Okawaru.
Okawaru was extremely pleased with you.
You were not hungry.

You visited 3 branches of the dungeon, and saw 11 of its levels.
You also visited: Sewer.

You collected 535 gold pieces.

Inventory:

Hand Weapons
 a - a +1 war axe
 c - the +5 war axe "Venk" (weapon) {chaos, +Rage Dex+4}
   (Okawaru gifted it to you on level 1 of the Lair of Beasts)

   Each time it hits an enemy it has a different, random effect.
   It affects your dexterity (+4).
   It lets you go berserk.
 h - a +0 long sword of holy wrath
 O - a +2 hand axe of flaming
 P - a +3 quarterstaff of chaos
Missiles
 e - 26 stones (quivered)
 A - 6 javelins
Armour
 b - a +1 scale mail
 n - a +1 buckler of fire resistance (worn)
 s - a +1 pair of boots (worn)
 C - a +0 pair of gloves (worn)
 H - a +0 troll leather armour {Purgy}
 Q - a +0 cloak (worn)
 R - a +4 chain mail of poison resistance (worn)
Jewellery
 F - a ring of protection from cold (right hand)
 M - the ring "Ziymom" (left hand) {rC+ rN+ Dex+3}
   (You found it on level 7 of the Dungeon)

   [ring of positive energy]

   It affects your dexterity (+3).
   It protects you from cold.
   It protects you from negative energy.
 U - an uncursed ring of protection from cold
Wands
 l - a wand of paralysis (2/24)
 x - a wand of hasting (0/9)
 y - a wand of polymorph (17/24)
 W - a wand of confusion (22/48)
Scrolls
 f - 3 scrolls of teleportation
 i - 7 scrolls of remove curse
 k - 4 scrolls of recharging {unknown}
 m - a scroll of identify
 o - a scroll of immolation {unknown}
 v - a scroll of blinking {unknown}
 B - 2 scrolls of random uselessness {unknown}
 E - a scroll of brand weapon {unknown}
 G - 2 scrolls of magic mapping {unknown}
 J - a scroll of fear
Potions
 g - 2 potions of degeneration {unknown}
 j - 3 potions of flight {unknown}
 p - a potion of cure mutation {unknown}
 q - 3 potions of lignification {unknown}
 r - 3 potions of brilliance
 u - 2 potions of curing
 D - a potion of mutation
 I - a potion of magic {unknown}
 K - 2 potions of might
 L - a potion of haste {unknown}
 N - a potion of heal wounds {unknown}
 S - a potion of cancellation {unknown}
 X - a potion of agility
Books
 V - a book of Geomancy

   Spells                             Type                      Level
   a - Sandblast                      Earth                        1
   b - Passwall                       Transmutation/Earth          2
   c - Stone Arrow                    Conjuration/Earth            3
   d - Petrify                        Transmutation/Earth          4
   e - Lee's Rapid Deconstruction     Earth                        5
Comestibles
 d - a bread ration
 t - 2 meat rations
 w - a beef jerky
 z - 6 fruits


   Skills:
 + Level 11.3 Fighting
 + Level 11.9 Axes
   Level 0.1 Bows
 + Level 10.3 Armour
 + Level 10.3 Shields
 - Level 10.0 Invocations
 - Level 0.8 Evocations


You had 11 spell levels left.
You didn't know any spells.

Dungeon Overview and Level Annotations

Branches:
Dungeon (8/15)             Temple (0/1) D:5            Lair (2/6) D:8
  Swamp (1/4) Lair:2
  Snake: Lair:2-4    Spider: Lair:2-4

Altars:
Cheibriados
Dithmenos
Okawaru
Ru
Sif Muna
Trog
Uskayaw
Yredelemnul
Zin

Shops:
D:4 (   D:7 *

Annotations:
D:8 2 exclusions
Lair:1 3 exclusions


Message History

The thorn hunter gestures.
Thorny briars emerge from the ground!
You closely miss the thorn hunter. You hit the briar patch.
You freeze the briar patch.
You are struck by the briar patch's thorns.
You hit the briar patch. You burn the briar patch.
You hit something but do no damage. x2; You hit the briar patch.
You burn the briar patch.
You destroy the briar patch!
The thorn hunter hits you but does no damage. x2
The thorn hunter fires a volley of thorns at you.
The volley of thorns hits you!
* * * LOW HITPOINT WARNING * * *
The thorn hunter fires a volley of thorns at you.
The volley of thorns hits you!
* * * LOW HITPOINT WARNING * * *
You feel better.
The thorn hunter fires a volley of thorns at you.
The volley of thorns hits you!
You die...

♣♣♣♣♣ ♣♣♣.§.♣♣ ♣♣≈.≈≈≈.♣
♣♣♣PPPP≈≈.♣ ..
≈.♣≈.P.{....♣ ♣♣♣♣♣≈≈.♣
...≈...f{.@≈♣♣♣♣....≈≈.
≈≈...≈≈PP§..PP.≈≈≈≈[.≈
≈≈≈§.≈≈PP≈≈.PP..≈≈≈≈≈♣♣
≈≈≈..≈≈≈..≈≈PP..≈≈≈≈..♣♣♣
≈≈...≈..≈..≈.P≈≈≈≈≈.≈≈.≈♣
≈≈≈≈≈≈≈≈§.≈≈≈..≈♣♣.≈≈≈..♣
≈≈≈≈≈≈≈≈≈.≈≈≈≈.....≈≈..≈♣
≈≈≈≈≈≈≈≈..≈≈≈≈.≈≈..≈..♣♣♣
≈≈≈.♣≈.≈≈≈.≈≈≈≈♣..♣


You could see a thorn hunter.

Vanquished Creatures
  Harold (Lair:2)
  A hydra (Lair:1)
  Urug (Lair:2)
  A swamp dragon (Lair:2)
  12 komodo dragons
  9 spiny frogs
  A kobold demonologist (D:8)
  A tyrant leech (Swamp:1)
  A two-headed ogre (D:8)
  A hippogriff (Lair:2)
  Sigmund (D:2)
  2 yaks (Lair:2)
  A basilisk (Lair:2)
  A swamp worm (Swamp:1)
  2 porcupines
  Duvessa (D:5)
  Purgy (Sewer)
  9 water moccasins
  3 sky beasts
  A necrophage (D:8)
  A black bear (D:7)
  5 ogres
  A phantom (D:8)
  3 crocodiles (Lair:2)
  A centaur (D:5)
  11 big kobolds (D:8)
  5 bullfrogs
  Dowan (D:5)
  A water moccasin skeleton (D:6)
  3 scorpions
  5 killer bees (D:7)
  4 howler monkeys
  3 crimson imps
  2 centaur skeletons
  2 bullfrog zombies
  4 hounds
  A jelly (D:8)
  2 orc wizards (D:5)
  A bullfrog skeleton (D:8)
  Crazy Yiuf (D:7)
  Jessica (D:3)
  Ijyb (D:2)
  Terence (D:3)
  5 iguanas
  4 worker ants
  A howler monkey skeleton (D:4)
  12 adders
  A river rat (D:6)
  3 shadow imps
  An ooze (D:7)
  An adder zombie (D:6)
  2 adder skeletons
  3 worms
  2 leopard geckos
  21 orcs
  5 giant cockroaches
  5 goblins
  3 hobgoblins
  10 jackals
  9 kobolds
  4 quokkas
  5 ball pythons
  9 bats
  9 frilled lizards
  A quokka skeleton (D:5)
  4 rats
  2 briar patches (Swamp:1)
  A fungus (Lair:1)
234 creatures vanquished.

Vanquished Creatures (collateral kills)
  A yak (Lair:2)
1 creature vanquished.

Vanquished Creatures (others)
  6 fungi (Lair:2)
6 creatures vanquished.

Grand Total: 241 creatures vanquished

Notes
Turn   | Place    | Note
-------+----------+-------------------------------------------
     0 | D:1      | JNO the Hill Orc Fighter began the quest for the Orb.
     0 | D:1      | Reached XP level 1. HP: 19/19 MP: 1/1
    84 | D:1      | Reached XP level 2. HP: 27/27 MP: 2/2
   971 | D:2      | Reached XP level 3. HP: 33/33 MP: 3/3
   995 | D:2      | Noticed Sigmund
  1215 | D:2      | Noticed Ijyb
  1227 | D:2      | Killed Ijyb
  1380 | D:2      | Reached XP level 4. HP: 40/40 MP: 4/4
  1513 | D:2      | Killed Sigmund
  1513 | D:2      | Reached XP level 5. HP: 44/47 MP: 5/5
  1664 | D:3      | Reached XP level 6. HP: 53/53 MP: 6/6
  1677 | D:3      | Found a bloodstained altar of Trog.
  1734 | D:3      | Found an iron altar of Okawaru.
  1749 | D:3      | Became a worshipper of Warmaster Okawaru
  1790 | D:3      | Reached skill level 5 in Axes
  1855 | D:3      | Noticed Terence
  1863 | D:3      | Killed Terence
  2371 | D:3      | Noticed Jessica
  2392 | D:3      | Killed Jessica
  2699 | D:4      | Reached skill level 5 in Fighting
  3016 | D:4      | Found Cutiyrorch's Antique Weapon Boutique.
  3094 | D:4      | Reached skill level 5 in Armour
  3094 | D:4      | Reached XP level 7. HP: 58/61 MP: 7/7
  3412 | D:5      | Entered Level 5 of the Dungeon
  3417 | D:5      | Reached skill level 5 in Shields
  3536 | D:5      | Reached * piety under Okawaru
  3665 | D:5      | Found a sacrificial altar of Ru.
  3828 | D:5      | Noticed Dowan
  3829 | D:5      | Noticed Duvessa
  3859 | D:5      | Killed Duvessa
  3859 | D:5      | Reached skill level 1 in Invocations
  3906 | D:5      | Killed Dowan
  4278 | D:4      | Reached XP level 8. HP: 61/70 MP: 9/9
  4739 | D:5      | Found a staircase to the Ecumenical Temple.
  5193 | D:6      | Reached ** piety under Okawaru
  5414 | D:6      | Found a glowing drain.
  5427 | Sewer    | Entered a sewer
  5454 | Sewer    | Noticed Purgy
  5470 | Sewer    | Killed Purgy
  5939 | D:7      | Got a scorched copper ring
  5941 | D:7      | Identified the ring "Ziymom" {rC+ rN+ Dex+3} (You found it on level 7 of the Dungeon)
  6018 | D:7      | Reached XP level 9. HP: 79/79 MP: 12/12
  6118 | D:7      | Reached skill level 5 in Invocations
  6522 | D:7      | Found Dom Ruerch's Serpentskin Sales.
  6651 | D:7      | Reached *** piety under Okawaru
  6763 | D:7      | Found a runed door.
  6769 | D:7      | Noticed Crazy Yiuf
  6775 | D:7      | Killed Crazy Yiuf
  7101 | D:8      | Noticed a two-headed ogre
  7255 | D:8      | Found a deep blue altar of Sif Muna.
  7300 | D:8      | Found a staircase to the Lair.
  7611 | D:8      | Found a flagged portal.
  7742 | D:8      | Found a shadowy altar of Dithmenos.
  7742 | D:8      | Found a basalt altar of Yredelemnul.
  7743 | D:8      | Found a glowing silver altar of Zin.
  7788 | D:8      | Killed a two-headed ogre
  7819 | D:8      | Reached XP level 10. HP: 88/90 MP: 14/14
  7835 | D:8      | Found a hide-covered altar of Uskayaw.
  7852 | D:8      | Noticed a kobold demonologist
  7853 | D:8      | Reached **** piety under Okawaru
  7859 | D:8      | Killed a kobold demonologist
  8172 | D:8      | Found a snail-covered altar of Cheibriados.
  8707 | Lair:1   | Entered Level 1 of the Lair of Beasts
  9405 | Lair:1   | Noticed a spiny frog
  9415 | Lair:1   | Killed a spiny frog
  9802 | Lair:1   | Reached skill level 10 in Axes
 10599 | Lair:2   | Noticed a seven-headed hydra
 10599 | Lair:2   | Noticed a spiny frog
 10620 | Lair:1   | Reached XP level 11. HP: 69/99 MP: 17/17
 10995 | Lair:1   | Killed a two-headed hydra
 10995 | Lair:1   | Reached ***** piety under Okawaru
 10995 | Lair:1   | Received a gift from Okawaru
 10995 | Lair:1   | Reached skill level 10 in Fighting
 10996 | Lair:1   | Got a fine war axe {god gift}
 11506 | Lair:2   | Noticed Harold
 11530 | Lair:2   | Killed Harold
 12084 | Lair:2   | Noticed Urug
 12149 | Lair:2   | Killed Urug
 12149 | Lair:2   | Received a gift from Okawaru
 12432 | Lair:2   | Identified the +5 war axe "Venk" {chaos, +Rage Dex+4} (Okawaru gifted it to you on level 1 of the Lair of Beasts)
 12577 | Lair:2   | Found a staircase to the Swamp.
 13035 | Lair:2   | Reached skill level 10 in Invocations
 13115 | Lair:2   | Reached skill level 10 in Armour
 13115 | Lair:2   | Reached skill level 10 in Shields
 13179 | Lair:2   | Reached XP level 12. HP: 108/108 MP: 19/19
 13734 | Swamp:1  | Entered Level 1 of the Swamp
 13781 | Swamp:1  | Noticed a thorn hunter
 13792 | Swamp:1  | Killed from afar by a thorn hunter

Skill      XL: |  1  2  3  4  5  6  7  8  9 10 11 12 |
---------------+-------------------------------------+-----
Axes           | 3 4 5 6 7 8 10 11 | 11.9
Fighting       | 4 5 6 7 8 9 10 11 | 11.3
Armour         | 4 5 6 7 8 10 | 10.3
Shields        | 4 5 6 7 8 10 | 10.3
Invocations    | 2 4 6 8 10 | 10.0
Bows           | |  0.1
Evocations     | |  0.8

Action                   |  1- 3 |  4- 6 |  7- 9 | 10-12 || total
-------------------------+-------+-------+-------+-------++-------
Melee: War axe           |   107 |   112 |   228 |   102 ||   549
       Hand axe          |       |       |   195 |   328 ||   523
Throw: Stone             |     4 |       |       |    10 ||    14
       Tomahawk          |       |     1 |       |     3 ||     4
       Javelin           |       |       |       |     2 ||     2
Invok: Heroism           |       |       |     4 |     8 ||    12
Evoke: Wand              |       |       |     2 |     4 ||     6
  Use: Scroll            |       |     8 |     2 |     4 ||    14
       Potion            |       |       |     2 |     9 ||    11
 Stab: Paralysed         |       |       |     2 |    10 ||    12
  Eat: Bread ration      |     1 |       |     1 |     2 ||     4
       Chunk             |       |     3 |     9 |     8 ||    20
       Beef jerky        |       |       |     1 |       ||     1
       Fruit             |       |       |       |     4 ||     4
Armor: Scale mail        |    53 |    58 |   184 |    94 ||   389
       Chain mail        |       |       |       |    39 ||    39
Dodge: Dodged            |    28 |    49 |   187 |   113 ||   377
Block: Shield            |    38 |       |       |       ||    38
       Buckler           |     9 |    25 |   111 |   106 ||   251
